AoeStats
← MartyIgnacio

Oasis

510189818Analyzed
3v3 RM · 4d ago on Sep 29, 2026· 41m 28s· 6 players
Game mode
Random Map
Map size
Normal (6 player)
Population
200
Speed
Normal
Resources
Standard
Victory
Conquest
Starting age
Dark Age
Ending age
Imperial Age
RankedLock teamsTeams togetherTeam positionsShared explorationLock speedFull tech treeHidden civsTurbo modeCheats
Victory
Defeat
🇦🇷 Saracens · Argentina
1285
+11
🇨🇱 Wei · Chile
1117
+18
🇨🇱 Magyars · Chile
884
+27
🇧🇷 Khmer · Brazil
1201
-20
🇰🇿 Saxons · Kazakhstan
1166
-19
🇬🇹 Spanish · Guatemala
1108
-17
FeherFarkas
11:25 Feudal Age
11:34 Loom
14:55 Castle Age
13:33 Double-Bit Axe
16:56 Bow Saw
21:29 Gold Mining
22:40 Horse Collar
25:36 Wheelbarrow
25:14 Bloodlines
26:06 Husbandry
28:33 Fletching
28:41 Stone Mining
29:42 Scale Barding Armor
29:33 Bodkin Arrow
29:40 Padded Archer Armor
32:22 Chain Barding Armor
35:09 Heavy Plow
38:26 Imperial Age
37:14 Hand Cart
38:25 Forging
38:31 Leather Archer Armor
38:30 Light Cavalry
39:32 Supremacy
39:33 Conscription
40:28 Chemistry
39:30 Hussar
40:48 Plate Barding Armor
42:58 Two-Man Saw
yopponti
7:14 Loom
9:42 Feudal Age
18:32 Fletching
22:35 Castle Age
21:21 Double-Bit Axe
21:19 Horse Collar
22:36 Crossbowman
22:47 Pikeman
26:29 Bodkin Arrow
26:48 Thumb Ring
34:17 Wheelbarrow
37:05 Gold Mining
38:00 Ballistics
37:46 Murder Holes
41:50 Imperial Age
40:19 Fortified Wall
40:02 Guard Tower
40:24 Fortified Wall
Thiers1789
4:58 Loom
10:54 Feudal Age
14:26 Castle Age
23:02 Horse Collar
24:43 Double-Bit Axe
25:23 Heavy Plow
27:31 Stone Mining
34:17 Redemption
38:55 Murder Holes
42:14 Imperial Age
40:26 Ballistics
40:18 Fortified Wall
mertndolan7564
7:28 Loom
10:58 Feudal Age
14:37 Castle Age
13:26 Double-Bit Axe
13:29 Horse Collar
15:42 Heavy Plow
15:46 Gold Mining
18:30 Bow Saw
19:06 Scale Barding Armor
22:48 Stone Mining
28:03 Wheelbarrow
27:59 Town Watch
29:13 Husbandry
29:25 Bloodlines
29:42 Forging
31:10 Chain Barding Armor
32:47 Iron Casting
35:37 Hand Cart
35:51 Light Cavalry
37:12 Gold Shaft Mining
39:53 Imperial Age
39:42 Fletching
41:56 Chemistry
40:24 Heavy Hei Guang Cavalry
MartyIgnacio
5:40 Loom
8:31 Feudal Age
9:27 Double-Bit Axe
17:26 Scale Barding Armor
21:31 Castle Age
20:12 Wheelbarrow
20:26 Bloodlines
23:18 Chain Barding Armor
23:03 Husbandry
26:11 Bow Saw
28:04 Hand Cart
41:26 Imperial Age
Eman3007
6:22 Loom
9:07 Feudal Age
12:44 Fletching
16:24 Double-Bit Axe
20:32 Wheelbarrow
19:54 Horse Collar
23:02 Castle Age
21:50 Horse Collar
22:06 Gold Mining
23:15 Crossbowman
23:51 Bodkin Arrow
24:45 Padded Archer Armor
25:43 Bow Saw
31:07 Leather Archer Armor
32:21 Ballistics
34:51 Imperial Age
34:35 Hand Cart
34:05 Town Watch
35:48 Bracer
36:50 Chemistry
35:13 Arbalester
36:57 Thumb Ring
37:23 Heavy Plow
37:59 Gold Shaft Mining
37:15 Stone Mining
41:12 Two-Man Saw
42:05 Town Patrol
Connection lost

Rejoining the realm…

Still unreachable

The connection could not be restored.

Session expired

The server has moved on; the page needs a fresh start.